Map: New Repugnancy LE

Players

Spiff - Winner!

  • Race: Zerg Zerg
  • League: Platinum
  • Spawn Location: 1:00

Smeeeger

  • Race: Zerg Zerg
  • League: Platinum
  • Spawn Location: 7:00

VOD

Have the link to the VOD?

Description

Time

  • Played on: July 18, 2019, 11:59 p.m.
  • Length: 10:50
Show
View Real Time Build Order
Export as new Build Order

Spiff Zerg - Winner!

Build Orders: Hatch First 

Get SALT Encoding   

  12  0:01  Drone  
  13  0:12  Overlord  
  13  0:17  Drone  
  14  0:31  Drone x2  
  14  0:34  Drone  
  17  0:52  Hatchery  
  17  0:55  Drone  
  17  0:58  Drone  
  18  1:09  Extractor  
  17  1:14  Spawning Pool  
  17  1:17  Drone  
  17  1:20  Drone  
  18  1:28  Drone  
  19  1:50  Overlord  
  19  1:51  Drone  
  20  2:02  Queen  
  20  2:07  Zergling x2, Queen  
  20  2:08  Zergling x2  
  26  2:10  Drone  
  26  2:15  Drone  
  28  2:20  Metabolic Boost  
  28  2:23  Drone  
  28  2:28  Drone  
  30  2:32  Drone  
  31  2:39  Drone  
  31  2:40  Baneling Nest  
  31  2:48  Drone x2  
  33  2:53  Drone  
  33  2:57  Overlord  
  34  3:04  Drone  
  35  3:12  Drone  
  36  3:13  Evolution Chamber  
  36  3:14  Drone  
  36  3:16  Drone x2  
  36  3:17  Drone  
  36  3:19  Drone  
  40  3:20  Drone  
  40  3:21  Drone  
  40  3:22  Drone  
  40  3:23  Baneling x2  
  40  3:24  Baneling x2  
  43  3:28  Overlord  
  43  3:32  Overlord  
  43  3:37  Extractor  
  43  3:39  Extractor  
  41  3:48  Zerg Melee Weapons Level 1  
  40  3:56  Hatchery  
  40  3:59  Zergling x16  
  47  4:04  Drone  
  48  4:10  Drone  
  49  4:33  Drone  
  49  4:34  Drone x5  
  55  4:39  Drone  
  55  4:42  Queen  
  58  4:48  Lair  
  58  4:50  Zergling x2  
  59  4:53  Overlord x2  
  59  4:54  Overlord x2  
  59  4:56  Hatchery  
  58  5:15  Roach Warren  
  58  5:16  Drone x2, Evolution Chamber  
  58  5:17  Drone x2  
  58  5:18  Drone x5  
  58  5:20  Queen  
  67  5:36  Drone x2  
  67  5:37  Drone x6  
  75  5:45  Zerg Ground Armor Level 1  
  75  5:46  Zerg Missile Weapons Level 1  
  75  5:51  Drone x3  
  75  5:52  Drone x2, Extractor  
  79  5:57  Extractor x2  
  79  5:58  Drone  
  79  6:02  Glial Reconstitution  
  78  6:05  Overseer  
  78  6:13  Centrifical Hooks  
  78  6:23  Drone x2  
  78  6:24  Drone x2  
  78  6:25  Drone x2, Overlord x2  
  84  6:29  Roach x5  
  84  6:30  Roach x4  
  84  6:31  Roach  
  104  6:43  Overlord x5  
  104  6:44  Roach  
  104  6:46  Roach  
  108  6:47  Roach  
  108  6:49  Roach  
  108  6:50  Roach  
  108  6:53  Roach  
  108  6:54  Roach  
  118  6:57  Roach  
  122  7:01  Roach  
  122  7:02  Roach x3  
  122  7:04  Roach  
  122  7:06  Roach  
  126  7:10  Roach x2  
  126  7:11  Roach  
  126  7:13  Roach  
  126  7:14  Roach  
  128  7:19  Roach x3  
  128  7:21  Roach  
  120  7:23  Roach  
  120  7:24  Roach  
  120  7:26  Roach  
  120  7:28  Roach  
  120  7:29  Roach  
  122  7:31  Roach  
  122  7:32  Roach  
  122  7:35  Roach  
  122  7:36  Roach  
  122  7:37  Roach  
  122  7:41  Roach  
  122  7:42  Roach  
  120  7:46  Roach x3  
  120  7:48  Roach  
  120  7:50  Roach  
  130  7:51  Drone  
  130  7:52  Drone  
  132  8:08  Hatchery  
  132  8:09  Zerg Missile Weapons Level 2  
  132  8:10  Zerg Ground Armor Level 2  
  131  8:15  Drone  
  131  8:17  Hydralisk Den  
  131  8:24  Roach x4  
  131  8:25  Roach x2  
  131  8:26  Roach  
  141  8:29  Queen  
  141  8:32  Roach  
  141  8:40  Roach x5  
  149  8:42  Roach  
  149  8:44  Overlord  
  149  8:47  Overlord  
  151  9:01  Roach x4  
  151  9:02  Hydralisk x2, Roach  
  161  9:04  Muscular Augments  
  161  9:07  Hydralisk  
  167  9:18  Overlord x4  
  167  9:28  Infestation Pit  
  166  9:42  Hydralisk x2  
  166  9:43  Hydralisk x5  
  166  9:44  Hydralisk x3  
  186  9:46  Hydralisk  
  186  9:48  Hydralisk  
  191  10:07  Ravager x4  
  191  10:08  Ravager x4  
  191  10:10  Roach  
  200  10:26  Drone x2, Extractor  
  200  10:27  Drone, Extractor  
Show
View Real Time Build Order
Export as new Build Order

Smeeeger Zerg 

Build Orders: Hatch First 

Get SALT Encoding   

  12  0:01  Drone  
  13  0:16  Overlord  
  13  0:24  Overlord  
  13  0:26  Drone  
  14  0:37  Drone  
  14  0:39  Drone  
  16  0:49  Drone  
  17  1:00  Drone  
  18  1:09  Hatchery  
  17  1:11  Drone  
  17  1:14  Extractor  
  17  1:25  Spawning Pool  
  16  1:26  Drone  
  16  1:32  Drone  
  18  1:45  Drone  
  19  1:53  Overlord  
  19  2:12  Queen  
  19  2:14  Zergling x2  
  22  2:16  Zergling x2  
  23  2:23  Queen  
  23  2:24  Zergling x2  
  23  2:26  Metabolic Boost  
  26  2:50  Drone x4  
  30  2:51  Overlord  
  30  2:54  Drone  
  31  2:59  Queen  
  33  3:07  Drone x2  
  35  3:14  Overlord  
  35  3:15  Overlord  
  35  3:24  Drone  
  35  3:25  Drone  
  37  3:38  Drone x2  
  37  3:39  Drone x3, Overlord  
  42  3:42  Extractor  
  42  3:44  Drone, Extractor  
  41  3:50  Drone  
  41  4:01  Drone x2  
  41  4:02  Drone  
  44  4:11  Roach Warren, Queen  
  44  4:12  Drone x4, Evolution Chamber  
  44  4:13  Drone x2  
  44  4:14  Evolution Chamber  
  44  4:15  Drone  
  49  4:34  Spine Crawler  
  48  4:44  Zerg Missile Weapons Level 1  
  48  4:45  Zerg Ground Armor Level 1  
  48  4:46  Overlord x2  
  48  4:47  Overlord x2  
  48  4:52  Drone x2  
  50  4:58  Lair  
  50  5:03  Roach  
  52  5:21  Roach  
  52  5:22  Roach x4  
  52  5:23  Roach  
  64  5:32  Extractor  
  63  5:38  Roach x3  
  63  5:39  Roach x2  
  73  5:45  Drone  
  73  5:47  Roach x3  
  80  6:12  Roach  
  80  6:13  Roach x5  
  80  6:14  Roach  
  94  6:23  Overlord x3  
  94  6:25  Overseer  
  94  6:27  Glial Reconstitution  
  94  6:35  Roach x2  
  98  6:53  Roach  
  98  6:54  Roach x6  
  109  6:55  Overlord x4  
  109  7:12  Roach x3  
  107  7:18  Roach  
  101  7:26  Overlord  
  93  7:31  Extractor  
  93  7:32  Hatchery  
  93  7:36  Hatchery  
  82  7:38  Roach x4  
  80  7:50  Roach x3  
  82  7:52  Drone  
  82  7:53  Drone x2  
  85  7:59  Roach x4  
  85  8:04  Zerg Missile Weapons Level 2  
  79  8:37  Roach x8  
  79  8:41  Roach  
  83  8:44  Drone  
  82  8:52  Drone x5, Queen  
  89  9:03  Drone x3  
  89  9:04  Drone x3  
  95  9:10  Ravager x5  
  95  9:11  Ravager  
  95  9:12  Drone x3  
  104  9:19  Roach x6  
  116  9:28  Hydralisk Den  
  116  9:30  Hatchery  
  114  9:35  Extractor  
  113  9:46  Roach  
  113  9:47  Roach x7  
  113  9:52  Drone x2  
  131  9:53  Drone x3  
  131  9:57  Extractor  
  131  9:59  Roach x5  
  143  10:05  Overlord x2  
  143  10:06  Overlord  
  143  10:08  Overlord  
  143  10:15  Drone x3  
Tags
 
Add a new tag
Caveats
  • Supply blocks, unpowered buildings, or Contaminate may cause inaccurate times.
  • Supply counts are checked every 10 seconds.